Map: Eastwatch LE

Players

EGG

  • Race: Zerg Zerg
  • League: Grandmaster
  • Spawn Location: 1:00

puCK (Nina) - Winner!

  • Race: Protoss Protoss
  • Spawn Location: 7:00

VOD

Have the link to the VOD?

Description

Time

  • Played on: Feb. 3, 2018, 5:09 p.m.
  • Length: 10:59
Show
View Real Time Build Order
Export as new Build Order

EGG Zerg 

Build Orders: Hatch First, Lurkers 

Get SALT Encoding   

  12  0:01  Drone  
  13  0:12  Overlord  
  13  0:17  Drone  
  14  0:31  Drone x2  
  14  0:35  Drone  
  17  0:51  Hatchery  
  17  0:54  Drone  
  17  0:57  Drone  
  17  1:03  Extractor  
  17  1:07  Drone  
  18  1:18  Spawning Pool  
  18  1:20  Drone  
  18  1:31  Drone  
  19  1:41  Overlord  
  19  1:52  Drone  
  20  2:09  Queen x2, Zergling x4, Metabolic Boost  
  26  2:28  Hatchery  
  25  2:31  Drone  
  25  2:35  Drone  
  27  2:37  Drone  
  27  2:39  Drone  
  27  2:42  Drone  
  30  2:50  Overlord  
  30  2:55  Zergling x2  
  30  2:56  Zergling x4  
  33  3:04  Queen  
  35  3:07  Drone  
  35  3:09  Drone  
  37  3:22  Drone  
  37  3:23  Drone x5  
  42  3:32  Overlord  
  41  3:34  Spore Crawler  
  41  3:40  Spore Crawler  
  39  3:47  Queen  
  41  3:50  Drone x2  
  41  3:53  Drone x2  
  45  3:59  Evolution Chamber  
  45  4:00  Drone  
  45  4:01  Drone  
  47  4:02  Drone  
  47  4:14  Spore Crawler  
  47  4:15  Spore Crawler  
  47  4:17  Drone x5  
  45  4:18  Drone  
  50  4:25  Spore Crawler  
  50  4:27  Drone x4  
  50  4:28  Drone  
  50  4:31  Zerg Melee Weapons Level 1  
  56  4:37  Extractor  
  55  4:40  Baneling Nest  
  54  4:48  Drone x2  
  54  4:49  Overlord x2  
  54  4:50  Extractor  
  54  4:51  Overlord  
  54  4:56  Extractor  
  53  5:01  Drone x3  
  53  5:02  Overlord x2  
  56  5:07  Drone  
  56  5:08  Drone x3  
  60  5:16  Lair  
  60  5:23  Zergling x18  
  69  5:30  Drone x4  
  73  5:47  Drone  
  73  5:48  Drone x5  
  79  5:50  Extractor  
  78  6:00  Hatchery  
  75  6:10  Zergling x16  
  75  6:11  Zergling x6  
  76  6:22  Hydralisk Den  
  72  6:31  Zergling x12  
  71  6:46  Queen  
  69  6:50  Baneling x3  
  69  6:51  Baneling x3  
  71  6:54  Hydralisk x2  
  71  6:56  Grooved Spines  
  71  6:57  Hydralisk x4  
  71  6:58  Hydralisk  
  82  7:12  Hydralisk  
  82  7:13  Hydralisk x3  
  90  7:22  Hydralisk x4  
  91  7:36  Overlord x3  
  91  7:44  Hatchery  
  91  7:45  Lurker Den  
  91  7:50  Zerg Melee Weapons Level 2  
  89  7:54  Queen  
  90  8:00  Hydralisk x8  
  98  8:07  Drone  
  98  8:08  Drone x2  
  96  8:24  Extractor, Overlord  
  96  8:26  Muscular Augments  
  95  8:27  Zergling x2  
  95  8:28  Zergling x14  
  95  8:30  Zergling x2  
  104  8:45  Overseer  
  104  8:54  Drone x2  
  104  8:55  Drone x6  
  111  8:57  Extractor  
  111  9:00  Overlord x2  
  111  9:12  Lurker x7  
  111  9:16  Drone  
  120  9:17  Drone x4  
  120  9:20  Baneling x5  
  123  9:24  Zergling x4  
  121  9:36  Zergling x16  
  121  9:48  Overseer  
  121  9:49  Zergling x20  
  128  9:55  Infestation Pit  
  128  9:58  Lurker  
  128  9:59  Lurker  
  130  10:00  Lurker  
  130  10:07  Baneling  
  71  10:23  Hydralisk x4  
  71  10:24  Hydralisk x5  
Show
View Real Time Build Order
Export as new Build Order

puCK Protoss - Winner!

Build Orders: 1 Gate Expand, Oracle Opening, Archon Immortal, Zealot Archon, Archon Drop 

Get SALT Encoding   

  12  0:01  Probe  
  13  0:13  Probe  
  14  0:19  Pylon  
  14  0:25  Probe  
  15  0:37  Probe (Chrono Boost)  
  15  0:40  Gateway  
  16  0:49  Probe (Chrono Boost)  
  17  0:50  Assimilator  
  17  0:54  Probe (Chrono Boost)  
  18  1:04  Probe  
  19  1:16  Probe  
  20  1:27  Nexus  
  20  1:36  Cybernetics Core  
  20  1:39  Probe  
  21  1:46  Assimilator  
  21  1:51  Probe  
  22  2:03  Probe  
  22  2:06  Pylon  
  23  2:22  Adept (Chrono Boost)  
  23  2:24  Probe  
  23  2:25  Stargate  
  26  2:30  Warp Gate  
  27  2:37  Probe (Chrono Boost)  
  27  2:41  Probe (Chrono Boost)  
  27  2:42  Adept (Chrono Boost)  
  31  2:53  Probe (Chrono Boost)  
  31  2:54  Probe (Chrono Boost)  
  32  2:58  Probe (Chrono Boost)  
  32  3:01  Probe (Chrono Boost)  
  32  3:02  Pylon  
  34  3:07  Oracle (Chrono Boost)  
  34  3:11  Probe  
  39  3:12  Probe  
  39  3:23  Probe  
  39  3:24  Probe  
  41  3:35  Probe  
  41  3:37  Probe  
  43  3:42  Adept  
  43  3:45  Robotics Facility  
  43  3:48  Probe  
  46  3:49  Probe, Assimilator  
  46  3:52  Assimilator  
  45  3:57  Twilight Council  
  45  4:00  Probe  
  45  4:01  Probe  
  47  4:05  Pylon  
  47  4:12  Probe  
  47  4:13  Probe  
  49  4:23  Gateway x2  
  50  4:24  Probe  
  50  4:25  Probe  
  50  4:26  Gateway  
  51  4:33  Warp Prism (Chrono Boost)  
  51  4:36  Probe  
  51  4:37  Probe  
  51  4:38  Templar Archives  
  55  4:40  Zealot  
  57  4:54  Pylon  
  57  4:57  Nexus  
  57  5:03  Pylon  
  57  5:08  Probe  
  57  5:09  Probe  
  59  5:20  Probe  
  60  5:23  Probe  
  61  5:31  High Templar x4  
  61  5:34  Probe  
  61  5:35  Immortal  
  74  5:36  Archon x2  
  74  5:39  Forge  
  74  5:41  Pylon  
  74  5:49  Probe  
  75  5:50  Charge  
  75  5:52  Probe  
  76  6:01  Probe  
  77  6:04  Probe  
  77  6:10  Probe  
  79  6:13  Probe  
  79  6:14  High Templar x2  
  79  6:16  Adept x2  
  79  6:17  Probe  
  89  6:21  Archon  
  89  6:23  Probe  
  89  6:24  Gateway  
  89  6:25  Gateway  
  90  6:28  Gateway x2  
  90  6:30  Probe  
  90  6:31  Probe  
  90  6:32  Gateway  
  92  6:33  Protoss Ground Weapons Level 1, Immortal  
  92  6:39  Probe  
  93  6:45  Zealot x2  
  93  6:53  Zealot x2  
  97  6:55  Probe  
  97  6:57  Assimilator  
  97  6:58  Assimilator  
  98  7:02  Pylon  
  98  7:05  Pylon  
  98  7:06  Pylon  
  98  7:08  Pylon  
  98  7:14  Pylon  
  98  7:17  Pylon  
  98  7:21  High Templar  
  98  7:22  Psionic Storm, High Templar  
  98  7:23  Zealot x2  
  98  7:27  Probe  
  98  7:28  Immortal  
  97  7:37  Sentry x2  
  97  7:38  Sentry  
  103  7:45  Pylon  
  103  7:49  High Templar x2  
  105  8:04  Nexus  
  105  8:10  High Templar x2  
  105  8:12  Zealot x5  
  115  8:16  Pylon  
  115  8:18  Pylon  
  115  8:21  Gateway  
  115  8:22  Gateway  
  115  8:26  Pylon  
  115  8:28  Pylon  
  115  8:30  High Templar x2  
  119  8:35  Observer  
  119  8:36  Archon  
  119  8:38  Zealot  
  119  8:40  Protoss Ground Weapons Level 2 (Chrono Boost), Gateway  
  122  8:43  Photon Cannon  
  122  8:44  Photon Cannon  
  122  8:45  Photon Cannon  
  122  8:47  Photon Cannon  
  122  8:49  Photon Cannon  
  122  8:50  Photon Cannon  
  122  8:55  Shield Battery  
  122  8:57  Immortal (Chrono Boost)  
  122  8:58  Assimilator  
  122  9:00  Assimilator  
  126  9:08  High Templar x2  
  130  9:10  Zealot x5  
  130  9:12  Archon  
  128  9:39  Zealot x8  
  128  9:40  Zealot  
  128  9:44  Robotics Facility  
  134  9:52  Immortal (Chrono Boost)  
  134  9:53  High Templar x2  
  134  9:58  Archon  
  142  10:04  Zealot x3  
  142  10:05  Zealot x4  
  134  10:17  Archon  
  134  10:18  Zealot x3  
  129  10:27  Zealot x6  
  138  10:29  Observer  
Tags
 
Add a new tag
Caveats
  • Supply blocks, unpowered buildings, or Contaminate may cause inaccurate times.
  • Supply counts are checked every 10 seconds.